Map: Ruins of Seras

Players

LaZy

  • Race: Terran Terran
  • League: Platinum

Wellmet - Winner!

  • Race: Terran Terran
  • League: Silver

VOD

Have the link to the VOD?

Description

Time

  • Played on: Nov. 10, 2015, 2:25 a.m.
  • Length: 19:07
Show
View Real Time Build Order
Export as new Build Order

LaZy Terran 

Build Orders: Reaper Expand, Mech 

Get SALT Encoding   

  12  0:00  SCV  
  13  0:12  SCV  
  14  0:18  Supply Depot  
  14  0:25  SCV  
  15  0:30  Refinery  
  15  0:40  SCV  
  16  0:46  Barracks  
  16  0:52  SCV  
  18  1:04  SCV  
  18  1:16  SCV  
  19  1:34  Orbital Command  
  19  1:35  Reaper  
  20  1:50  Command Center  
  20  2:01  Supply Depot  
  20  2:04  SCV  
  20  2:07  Reaper  
  22  2:17  SCV  
  22  2:18  Factory  
  22  2:22  Refinery  
  23  2:29  SCV  
  24  2:40  Barracks Reactor  
  24  2:41  SCV  
  25  2:53  SCV  
  26  3:02  Orbital Command  
  26  3:04  Hellion  
  28  3:05  SCV  
  29  3:18  Starport  
  29  3:36  Hellion x2, Barracks Tech Lab  
  29  3:37  SCV x2  
  35  3:41  Supply Depot  
  35  3:49  SCV x2  
  37  3:57  Hellion x2  
  37  4:01  SCV  
  37  4:02  SCV  
  43  4:05  Supply Depot  
  43  4:10  Barracks Reactor  
  43  4:11  Raven  
  43  4:13  SCV  
  43  4:14  SCV  
  47  4:21  Hellion x2  
  50  4:41  SCV x2  
  50  4:43  Hellion x2  
  55  4:47  Refinery x2  
  51  4:56  Factory  
  51  4:59  Factory  
  45  5:00  Barracks Tech Lab  
  45  5:03  Widow Mine x2  
  45  5:04  SCV x2, Liberator  
  51  5:12  Supply Depot  
  51  5:15  Armory  
  51  5:16  SCV x2  
  56  5:32  SCV x2  
  58  5:43  Supply Depot  
  58  5:47  Command Center  
  58  5:53  Orbital Command  
  58  5:55  Siege Tank  
  58  5:56  Hellion x2  
  53  6:00  Liberator  
  45  6:19  Infernal Pre-Igniter  
  45  6:21  Siege Tank  
  45  6:22  Hellion x2  
  48  6:42  Command Center  
  48  6:48  Siege Tank  
  51  7:00  Supply Depot  
  51  7:01  Hellion x2  
  55  7:14  Terran Vehicle Weapons Level 1  
  55  7:15  Hellion  
  57  7:16  Liberator  
  57  7:21  Hellion  
  52  7:31  Hellion x2  
  52  7:36  SCV  
  60  7:45  Supply Depot  
  60  7:55  Refinery  
  60  8:05  Orbital Command  
  60  8:07  Orbital Command  
  60  8:11  Siege Tank  
  63  8:36  Hellion x2, Siege Tank  
  70  8:44  Orbital Command  
  70  8:46  SCV  
  71  8:52  Viking  
  73  8:58  SCV  
  63  9:10  SCV  
  64  9:21  SCV x2  
  64  9:22  SCV  
  61  9:25  Siege Tank x2  
  61  9:26  Hellion x2  
  68  9:33  SCV x2  
  68  9:34  SCV  
  68  9:46  SCV, Refinery  
  68  9:47  Refinery  
  68  9:50  Refinery  
  69  9:53  Hellion x2  
  69  9:57  Siege Tank  
  69  9:58  SCV, Siege Tank  
  80  10:10  SCV, Viking  
  80  10:11  Viking  
  85  10:15  Supply Depot  
  85  10:19  Supply Depot  
  85  10:23  SCV x3  
  85  10:28  Hellion x2  
  84  10:44  Viking x2  
  84  10:46  Hellion  
  84  10:47  Hellion  
  80  11:08  Hellion x2  
  73  11:24  Siege Tank x2  
  79  11:29  Hellion, Viking  
  79  11:30  Hellion, Factory  
  79  11:32  Factory  
  85  11:33  Terran Vehicle Weapons Level 2  
  85  11:38  Supply Depot  
  85  11:41  Supply Depot  
  85  11:55  SCV x2  
  79  12:05  Siege Tank  
  79  12:06  Hellion x2, Siege Tank  
  89  12:15  Refinery  
  89  12:17  Refinery  
  89  12:18  Orbital Command  
  89  12:23  Factory Tech Lab  
  89  12:25  Factory Tech Lab  
  89  12:28  Viking  
  89  12:29  Supply Depot x2  
  88  12:48  Cyclone x3  
  88  12:49  Hellion x2  
  99  13:11  Viking x2  
  103  13:24  Supply Depot x2  
  103  13:26  Cyclone  
  109  13:27  Cyclone x2  
  109  13:28  Hellion  
  76  13:51  Hellion x2, Siege Tank  
  81  13:59  Hellion  
  78  14:12  Command Center  
  78  14:15  Hellion  
  78  14:16  Hellion x2  
  76  14:20  SCV x3  
  70  14:26  Cyclone x3  
  70  14:27  Hellion x3  
  85  14:32  SCV  
  85  14:35  Viking  
  88  14:40  SCV x2  
  88  14:44  SCV  
  91  14:50  Cyclone  
  91  14:52  SCV x2  
  96  14:56  SCV  
  96  14:58  Cyclone, Terran Vehicle Weapons Level 3  
  100  15:01  Mag-Field Accelerator  
  74  15:24  Cyclone x2  
  74  15:25  Cyclone, Hellion  
  74  15:27  Orbital Command  
  85  15:30  SCV  
  85  15:31  SCV  
  83  15:37  Hellion  
  83  15:38  Hellion  
  83  15:42  Viking  
  87  15:53  Hellion  
  87  15:56  Siege Tank  
  87  15:57  Siege Tank  
  95  15:59  Hellion  
  95  16:02  Medivac  
  99  16:14  Siege Tank  
  64  16:37  SCV x4  
  57  16:41  Refinery x2  
  57  16:48  Siege Tank  
  57  16:49  SCV x4, Hellion x2, Siege Tank  
  57  16:50  Hellion x2  
  75  17:01  SCV x4  
  74  17:11  Hellion x2, Viking x2  
  74  17:13  SCV  
  80  17:24  Hellion, Siege Tank x2  
  80  17:25  Hellion  
  80  17:28  Orbital Command  
  74  17:45  Hellion x2  
  74  17:46  Hellion, Siege Tank  
  76  18:09  Hellion x5  
  71  18:24  Hellion  
  73  18:30  Hellion  
  75  18:42  Hellion x4  
  75  18:46  Hellion  
Show
View Real Time Build Order
Export as new Build Order

Wellmet Terran - Winner!

Build Orders: MMM Bio 

Get SALT Encoding   

  12  0:01  SCV  
  13  0:13  SCV  
  14  0:19  Supply Depot  
  14  0:25  SCV  
  15  0:40  SCV  
  16  0:42  Barracks  
  16  0:52  SCV  
  17  1:04  SCV  
  18  1:17  Command Center  
  18  1:21  SCV  
  19  1:27  Refinery  
  19  1:31  Marine  
  20  1:43  Orbital Command  
  20  1:50  Marine  
  21  1:54  Supply Depot  
  21  2:01  Barracks  
  21  2:09  SCV  
  21  2:10  Marine  
  23  2:24  SCV  
  24  2:31  Barracks Reactor  
  24  2:32  Orbital Command  
  24  2:36  SCV  
  25  2:42  Barracks  
  25  2:48  SCV, Barracks Tech Lab  
  26  2:57  SCV  
  27  3:00  SCV  
  28  3:07  Marine x3  
  28  3:09  Stimpack  
  28  3:12  SCV x2  
  32  3:25  Marine x3  
  32  3:26  SCV x2  
  37  3:31  Barracks Tech Lab  
  36  3:38  SCV x2  
  38  3:44  Marine, Marauder  
  38  3:45  Marine  
  42  3:51  Combat Shields, Supply Depot  
  42  3:52  Marine  
  42  3:55  SCV x2  
  45  3:57  Refinery  
  45  4:07  SCV  
  46  4:10  Engineering Bay  
  46  4:12  Marine x2  
  46  4:13  Marauder  
  52  4:17  Marauder  
  52  4:19  SCV  
  52  4:23  Supply Depot  
  53  4:26  Supply Depot  
  53  4:30  Marine  
  53  4:32  Marine  
  53  4:33  SCV  
  53  4:35  Marine  
  54  4:43  Missile Turret  
  53  4:50  SCV x2  
  52  4:56  Missile Turret  
  49  5:02  Marine  
  49  5:03  Marauder  
  52  5:13  SCV, Factory  
  53  5:15  SCV  
  53  5:19  Marine  
  55  5:26  Marine x2  
  57  5:29  SCV, Concussive Shells  
  57  5:31  Marauder  
  60  5:38  Supply Depot  
  60  5:44  Marine  
  61  5:56  Marauder x2, Marine  
  63  6:09  SCV x2  
  62  6:12  Command Center  
  62  6:16  Starport  
  61  6:19  Factory Reactor  
  61  6:20  Marine  
  59  6:27  Marauder  
  59  6:29  SCV  
  59  6:32  Marine  
  63  6:35  SCV  
  63  6:38  Marauder  
  63  6:41  Terran Infantry Weapons Level 1  
  63  6:43  SCV  
  63  6:46  Supply Depot  
  64  6:47  Refinery  
  64  6:51  Marauder, Marine x2  
  68  6:56  SCV x2  
  70  7:02  Marine  
  70  7:04  Refinery  
  71  7:09  Medivac  
  71  7:11  SCV  
  71  7:12  Marine x2  
  70  7:20  Marauder  
  67  7:23  SCV  
  67  7:26  Medivac, Marauder  
  67  7:28  Orbital Command  
  70  7:31  Marine x2  
  70  7:33  Factory Tech Lab  
  68  7:39  Viking  
  68  7:40  SCV  
  68  7:42  Marauder  
  73  7:46  Supply Depot, Orbital Command  
  73  7:47  Barracks  
  73  7:50  Marauder  
  74  7:52  Marine x2  
  73  7:59  SCV  
  73  8:00  SCV  
  73  8:04  Viking  
  77  8:08  Marine  
  77  8:12  SCV, Marauder  
  81  8:13  Missile Turret  
  81  8:15  SCV  
  81  8:16  SCV  
  81  8:19  Marine x2  
  85  8:25  Viking  
  87  8:29  SCV  
  87  8:34  Viking, Marauder x2  
  89  8:35  SCV, Barracks  
  89  8:36  SCV  
  93  8:44  Barracks x2  
  93  8:45  Barracks Reactor  
  93  8:46  Siege Tank  
  96  8:48  Factory  
  96  8:49  SCV  
  96  8:50  SCV, Marine x2  
  96  8:55  Viking  
  102  9:02  Marauder  
  97  9:06  SCV x2  
  97  9:08  Viking  
  92  9:14  Marine x2  
  88  9:23  Marine x2, Marauder  
  82  9:24  Barracks Tech Lab  
  82  9:25  Viking  
  78  9:31  Marauder  
  78  9:33  SCV x2  
  78  9:35  Terran Infantry Armor Level 1, Starport  
  78  9:38  Armory  
  80  9:41  Factory Tech Lab  
  80  9:42  Barracks Reactor  
  80  9:44  Engineering Bay, Marine x4  
  80  9:45  Marine  
  85  9:53  Marine x2  
  87  10:00  Siege Tank  
  87  10:03  Refinery, Marauder  
  92  10:08  SCV x2, Refinery  
  92  10:10  Marine x4  
  92  10:11  Viking  
  100  10:17  Starport Reactor  
  100  10:20  Marine x2  
  104  10:21  Marauder  
  104  10:26  Viking  
  106  10:31  Marine  
  106  10:32  Marine x2  
  109  10:40  Marine  
  108  10:47  Starport Tech Lab  
  108  10:52  Command Center, Supply Depot x2  
  108  10:54  Supply Depot  
  108  10:59  Viking, Marauder  
  108  11:00  Marauder  
  108  11:01  Marine x2  
  108  11:04  Viking  
  94  11:10  Marauder, Marine  
  82  11:15  Marine x2  
  82  11:18  Cloaking Field  
  79  11:28  Banshee, Marine  
  79  11:29  Viking  
  85  11:33  Marine x3  
  85  11:38  Terran Infantry Weapons Level 2  
  85  11:39  Starport  
  88  11:40  Marine  
  88  11:45  Marauder  
  91  11:48  Siege Tank  
  91  11:49  Marine  
  91  11:50  Marine  
  91  11:51  Marine  
  97  11:55  Viking  
  97  12:01  Viking  
  100  12:02  SCV x2, Marine  
  103  12:11  Marine  
  103  12:12  Marine  
  103  12:15  Banshee  
  108  12:19  Marine x2  
  108  12:21  Starport Reactor  
  110  12:30  Marine x2  
  110  12:31  SCV, Marine  
  110  12:33  Marine  
  110  12:36  Command Center  
  115  12:41  Planetary Fortress  
  115  12:42  Marine x2  
  115  12:43  Missile Turret  
  113  12:47  Viking, Missile Turret  
  115  12:53  Marine  
  115  12:54  Marine  
  115  12:57  Banshee  
  120  12:59  Terran Infantry Armor Level 2  
  120  13:03  Marauder  
  120  13:05  Medivac  
  124  13:11  Viking  
  124  13:12  Marine x2  
  123  13:17  Marauder x2  
  128  13:20  Supply Depot  
  128  13:23  Marine x2  
  130  13:27  Marine  
  130  13:28  Marine  
  130  13:30  Siege Tank  
  129  13:35  Marine x2  
  129  13:36  Marauder  
  115  13:42  Marauder x2  
  115  13:44  Viking  
  99  13:51  Viking  
  91  13:57  Marine x3  
  91  13:58  Marine  
  91  14:01  Marine x2  
  94  14:07  Marine  
  94  14:08  Marauder  
  90  14:10  Viking  
  90  14:14  Terran Infantry Weapons Level 3  
  91  14:18  Marine  
  91  14:19  Marauder  
  91  14:22  Marine x2  
  91  14:24  Marine  
  91  14:27  SCV  
  91  14:28  SCV x2  
  91  14:30  Marine  
  94  14:33  Siege Tank  
  94  14:36  Marauder  
  100  14:45  Barracks, Marauder  
  100  14:47  Marine x2  
  100  14:52  Marine x3  
  104  14:53  Supply Depot  
  104  14:56  Siege Tank  
  108  15:04  Marauder, Marine x2  
  108  15:05  Marauder  
  101  15:09  Viking  
  101  15:12  Marine x2  
  91  15:14  Marine x2  
  91  15:19  Marine  
  88  15:22  Marine  
  88  15:26  Marauder  
  90  15:32  SCV x2  
  90  15:35  Barracks Tech Lab, Barracks  
  89  15:39  Command Center, Siege Tank  
  89  15:42  SCV x2  
  95  15:44  Planetary Fortress  
  94  15:50  SCV x2  
  94  15:53  Marauder x2  
  94  15:56  Marauder  
  102  15:57  SCV  
  102  15:59  Marine  
  102  16:00  Marine  
  102  16:01  SCV  
  108  16:04  Marauder  
  108  16:14  Marauder x2  
  108  16:18  Marauder  
  109  16:22  Barracks Tech Lab  
  109  16:24  Marine x3  
  109  16:25  Marauder  
  99  16:26  Marine x2  
  97  16:33  Marine  
  97  16:35  Marine x2  
  97  16:36  Siege Tank x2  
  95  16:43  Marauder  
  97  16:57  Command Center  
  97  16:58  Starport Tech Lab  
  97  16:59  Marauder x2, Marine  
  97  17:00  Starport  
  102  17:02  Marine x2  
  102  17:03  Starport  
  102  17:05  Marine x2  
  100  17:09  Marauder  
  100  17:13  Orbital Command  
  102  17:17  Marauder x2  
  106  17:24  Fusion Core  
  106  17:26  Marine x2  
  106  17:27  Marauder x2, Marine x2  
  114  17:35  Viking  
  114  17:36  Viking  
  115  17:43  Starport Tech Lab x2  
  111  17:53  Marine x7  
  111  17:54  Marine x4  
  122  17:58  Liberator  
  120  18:11  Marine x6  
  131  18:17  Marine x3  
  131  18:24  Viking x2  
  131  18:25  Marine x2  
  142  18:39  Marine x2  
  142  18:40  Marine x2  
  146  18:47  Marine  
Tags
 
Add a new tag
Caveats
  • Supply blocks, unpowered buildings, or Contaminate may cause inaccurate times.
  • Supply counts are checked every 10 seconds.